 Dungeon Crawl Stone Soup version 0.31-a0-150-g89dc3ad700 (webtiles) character file.

Game seed: 7783090772315983406

95 qw the Shooter (level 4, -1/28 HPs)
             Began as a Gargoyle Hunter on June 8, 2023.
             Frozen to death by an endoplasm (3 damage)
             ... on level 2 of the Dungeon.
             The game lasted 00:00:40 (1457 turns).

qw the Shooter (Gargoyle Hunter)                    Turns: 1457, Time: 00:00:41

Health: -1/28      AC:  6    Str: 14    XL:     4   Next: 66%
Magic:  4/4        EV: 11    Int: 10    God:
Gold:   112        SH:  0    Dex: 15    Spells: 3/3 levels left

rFire   . . .        Y - +0 shortbow
rCold   . . .        (shield currently unavailable)
rNeg    + . .        c - +0 leather armour
rPois   inf          (no helmet)
rElec   +            (no cloak)
rCorr   .            (no gloves)
SInv    .            (no boots)
Will    .....        j - amulet of faith
Stlth   ++           (no ring)
HPRegen 0.24/turn    (no ring)
MPRegen 0.09/turn

%: faith
@: no status effects
A: sickness immunity, AC +3, negative energy resistance 1, electricity
resistance, torment resistance 1, petrification resistance
a: no special abilities


You were on level 2 of the Dungeon.
You visited 1 branch of the dungeon, and saw 2 of its levels.

You collected 112 gold pieces.


Innate Abilities, Weirdness & Mutations

You are immune to sickness and miasma.
Your stone body is resilient. (AC +3)
You are immune to poison.
You resist negative energy. (rN+)
You are resistant to electric shocks. (rElec)
You are resistant to unholy torment.
You are immune to petrification.


   Skills:
 - Level 3.0 Fighting
 + Level 5.6 Ranged Weapons
 - Level 1.5 Dodging
 - Level 1.1 Stealth


You had 3 spell levels left.
You didn't know any spells.
Your spell library was empty.

Inventory:

Hand Weapons
 Y - a +0 shortbow (weapon)
Armour
 b - a +0 pair of boots
 c - a +0 leather armour (worn)
 k - a +0 helmet
Jewellery
 j - an amulet of faith (around neck)
Scrolls
 e - a scroll of identify
 f - a scroll of fog {unknown}
 h - a scroll of amnesia {unknown}
 l - a scroll of blinking {unknown}
Potions
 a - a potion of brilliance {unknown}
 d - a potion of heal wounds {unknown}
 g - a potion of mutation
 i - a potion of curing

Dungeon Overview and Level Annotations

Branches:
Dungeon (2/15)

Altars:


Message History

You shoot an arrow. The arrow hits the endoplasm!
You kill the endoplasm!
The endoplasm hits the toadstool.
You shoot an arrow. The arrow barely misses the endoplasm.
The arrow hits the toadstool.
You destroy the toadstool!
The endoplasm freezes you.
You are frozen.
The endoplasm hits the fungus.
The fungus begins to die.
The endoplasm hits you but does no damage.
You shoot an arrow. The arrow hits the jelly!
The jelly is heavily wounded.
The endoplasm hits you.
The endoplasm hits the toadstool.
The toadstool is destroyed!
The jelly barely misses you. The endoplasm freezes you.
You are frozen.
The endoplasm hits you.
The endoplasm hits the fungus.
The jelly barely misses you. The endoplasm freezes you.
You are frozen.
You shoot an arrow.
The arrow hits the jelly but does no damage.
The jelly is heavily wounded.
The endoplasm quivers.
The endoplasm hits you but does no damage.
The endoplasm hits the fungus.
The jelly barely misses you.
The endoplasm hits the fungus.
You shoot an arrow. The arrow hits the jelly.
The jelly is severely wounded.
The endoplasm misses you.
The endoplasm hits the fungus.
The jelly hits you.
You are splashed with acid!
The endoplasm hits the fungus.
You shoot an arrow. The arrow hits the jelly.
The jelly is almost dead.
A nearby fungus withers and dies.
The endoplasm completely misses you. The jelly barely misses you.
The jelly hits you but does no damage.
You shoot an arrow.
The arrow hits the jelly but does no damage.
The jelly is almost dead.
The endoplasm freezes you.
You are frozen.
You die...

#.#.# ############## #.#
#.#.# ########## #.# #.#.#
!.JP.P.P.# #.# #.#.#
.P...P.P.# #.# ###.#.#
.P.P...P.# #.# ....#.#
%P.J...J%# #.# #####.##
%P....JJ.# #.# #####..#
...P.JJJJ# #.# .......#
#######@# #####.#
##########...)..##
#.....## #### #.########
####...# ...# ##..'..).#
#...### ##.##########....#
#.....##
.....##.##.......#
####..###.##
.....##.##.(...).###....##
##.##
.)......##.......##....##
##.##
........##.......##....#
#...


You could see 2 jellies and 7 endoplasms.

Vanquished Creatures
  A jelly (D:2)
  An adder (D:2)
  A worm (D:2)
  A dart slug (D:2)
  8 bats
  3 endoplasms
  2 giant cockroaches
  4 goblins
  2 hobgoblins (D:1)
  6 jackals
  2 quokkas
  2 ball pythons
  3 frilled lizards (D:1)
  9 kobolds
  7 rats
52 creatures vanquished.

Notes
Turn   | Place    | Note
-------+----------+-------------------------------------------
     0 | D:1      | qw the Gargoyle Hunter began the quest for the Orb.
     0 | D:1      | Reached XP level 1. HP: 12/12 MP: 1/1
     0 | D:1      | 0 ||| qw: Version: 0.2-a-119-g7aa9181
     0 | D:1      | 0 ||| qw: Game counter: 2866
     0 | D:1      | 0 ||| qw: Always use a shield: true
     0 | D:1      | 0 ||| qw: God list: Okawaru
     0 | D:1      | 0 ||| qw: Allow faded altars: false
     0 | D:1      | 0 ||| qw: Do Orc after D:15 true
     0 | D:1      | 0 ||| qw: Do second Lair branch before Depths: true
     0 | D:1      | 0 ||| qw: Lair rune preference: random
     0 | D:1      | 0 ||| qw: Plans: Normal
     0 | D:1      | 0 ||| PLANNING D:1-11
    90 | D:1      | Reached XP level 2. HP: 17/17 MP: 2/2
   381 | D:1      | Reached XP level 3. HP: 21/21 MP: 3/3
   506 | D:1      | Reached skill level 5 in Ranged Weapons
   587 | D:1      | Found a faded altar of an unknown god.
   760 | D:1      | 760 ||| UPGRADING to amulet of faith.
   765 | D:1      | 765 ||| DROPPING ring of magical power.
   766 | D:1      | 766 ||| READING scroll labelled RUV PEAPSONK.
   767 | D:1      | 767 ||| READING 3 scrolls labelled JUIGETAYXT.
   768 | D:1      | 768 ||| READING scroll labelled OPETENNUOHE.
   772 | D:1      | 772 ||| DRINKING 2 metallic purple potions.
   773 | D:1      | 773 ||| READING 2 scrolls of identify.
   773 | D:1      | 773 ||| IDENTIFYING bubbling pink potion
   774 | D:1      | 774 ||| DROPPING scroll of butterflies.
  1128 | D:2      | Reached skill level 3 in Fighting
  1361 | D:2      | Reached XP level 4. HP: 28/28 MP: 4/4
  1455 | D:2      | HP: 1/28 [acid (7)]
  1457 | D:2      | Frozen to death by an endoplasm

Levels and vault maps discovered:
D:1:      wander_arrival_lonely_grave, layout_loops_ring,
          dreamdust_ecumenical_altar_angels_and_demons, nicolae_titane
D:2:      cheibrodos_fertilizer, layout_loops_ring, minmay_misc_feat_roman,
          nicolae_figureground_pulse

Skill      XL: |  1  2  3 |
---------------+----------+-----
Ranged Weapons | 5 |  5.6
Fighting       | 3 |  3.0
Dodging        | |  1.5
Stealth        | |  1.1

Action                     |  1- 3 |  4- 6 || total
---------------------------+-------+-------++-------
   Fire: Shortbow          |   149 |    28 ||   177
    Use: Scroll            |     4 |       ||     4
         Potion            |     1 |       ||     1
 Armour: Leather armour    |    38 |     7 ||    45
  Dodge: Dodged            |    57 |    15 ||    72

Table legend:
 A = Non-vault XP
 B = Vault XP
 C = Vault XP percentage of total XP
 D = Non-vault monster count
 E = Vault monster count
 F = Vault count percentage of total count
                 A         B        C        D         E       F
            +---------+---------+-------+---------+---------+-------
      Total |      86 |      51 |  37.2 |      43 |       9 |  17.3
            +---------+---------+-------+---------+---------+-------
        D:1 |      41 |       0 |   0.0 |      26 |       0 |   0.0
        D:2 |      45 |      51 |  53.1 |      17 |       9 |  34.6
            +---------+---------+-------+---------+---------+-------
